 Dungeon Crawl Stone Soup version 0.28.0-43-g3370ac3207 (webtiles) character file.

Game seed: 17626816440439894385

35 RepoMan the Digger (level 3, -2/28 HPs)
             Began as a Naga Earth Elementalist on Mar 9, 2022.
             Killed from afar by a white imp (5 damage)
             ... with a puff of frost
             ... on level 3 of the Dungeon.
             The game lasted 00:05:44 (1639 turns).

RepoMan the Digger (Naga Earth Elementalist)        Turns: 1639, Time: 00:05:45

Health: -2/28      AC:  2    Str: 10    XL:     3   Next: 35%
Magic:  6/6        EV:  9    Int: 17    God:
Gold:   113        SH:  0    Dex: 11    Spells: 5/6 levels left

rFire   . . .      SeeInvis +   f - +0 spear
rCold   . . .      Faith    .   (no shield)
rNeg    . . .      Spirit   .   b - +0 robe
rPois   +          Reflect  .   (no helmet)
rElec   .          Harm     .   (no cloak)
rCorr   .          Rampage  .   (no gloves)
Will    .....                   (no barding)
Stlth   ++........              (no amulet)
HPRegen 0.09/turn               (no ring)
MPRegen 0.10/turn               (no ring)

@: very slow
A: AC +1, large, see invisible, deformed body, poison resistance, slowness 2,
spit poison 1, naga tail 1
a: Spit Poison


You were on level 3 of the Dungeon.
You visited 1 branch of the dungeon, and saw 3 of its levels.

You collected 113 gold pieces.

Inventory:

Hand Weapons
 f - a +0 spear (weapon)
Missiles
 c - 172 stones
Armour
 b - a +0 robe (worn)
Scrolls
 i - a scroll of identify {unknown}
 j - a scroll of teleportation {unknown}
Potions
 d - a potion of degeneration {unknown}
 g - a potion of might {unknown}
 h - a potion of curing {unknown}


   Skills:
 - Level 1.5 Dodging
 - Level 3.0 Stealth
 - Level 2.0 Spellcasting
 + Level 1.9 Transmutations
 * Level 3.9 Earth Magic


You had 5 spell levels left.
You knew the following spells:

 Your Spells              Type           Power      Damage    Failure   Level
s - Sandblast             Erth           30%        2d9       3%          1

Your spell library contained the following spells:

 Spells                   Type           Power      Damage    Failure   Level
 Passwall                 Tmut/Erth      9%         N/A       9%          2
 Stone Arrow              Conj/Erth      16%        3d8       26%         3
 Petrify                  Tmut/Erth      11%        N/A       50%         4


Dungeon Overview and Level Annotations

Branches:
Dungeon (3/15)

Altars:

Shops:
D:3 =


Innate Abilities, Weirdness & Mutations

Your serpentine skin is tough. (AC +1)
You have supernaturally acute eyesight. (SInv)
Armour fits poorly on your strangely shaped body.
Your system is resistant to poisons. (rPois)
You cover ground very slowly.
You can spit poison.
You have a snake-like lower body.


Message History

You open the large door.
A white imp comes into view.
The white imp shouts!
You hear a shout!
There is a large open door here.
An ogre comes into view. It is wielding a +0 giant spiked club.
Found 5 atropa-tipped darts.
The white imp hits you. The white imp freezes you. The white imp hits you.
The white imp freezes you.
There is a large open door, spattered with blood here.
Unknown command.
Okay, then.
Okay, then.
Okay, then.
Unknown command.
Unknown command.
Press: ? - help, v - describe, . - travel
Here: an ogre, wielding a +0 giant spiked club The floor.
Unknown command.
Okay, then.
Okay, then.
Unknown command.
As you read the scroll labelled MOYPIV IHEKU, it crumbles to dust.
It is a scroll of amnesia.
Really abort (and waste the scroll)?
Okay, then.
The white imp hits you. The white imp freezes you.
The ogre hits you with a +0 giant spiked club!
* * * LOW HITPOINT WARNING * * *
The white imp barely misses you.
The white imp hits you but does no damage.
The white imp barely misses you.
The white imp grinds its teeth.
The ogre closely misses you.
Unknown command.
Unknown command.
As you read the scroll labelled KUSMUBR JUEBI, it crumbles to dust.
The scroll dissolves into smoke.
It was a scroll of fog.
The white imp gestures at you. The puff of frost hits you.
You die...

..........▒▒▒
▒▒▒▒.▒▒.....▒▒▒▒
▒.............▒
▒..▒.▒▒...▒▒▒▒▒▒
....>▒▒...▒▒▒▒
▒▒▒..........▒▒
....▒▒▒▒'▒▒.§▒
.<...▒▒.8.▒▒§§▒▒
.......▒▒[..▒▒§@▒▒ .
▒..▒▒...▒▒5O▒▒
▒...▒▒...▒▒§§▒▒
▒....''.8.''..▒
▒▒▒▒▒▒▒...▒▒...▒▒...▒
......▒..▒▒...▒▒....▒
▒......▒▒...▒▒(.▒.▒▒
▒.....▒▒.8.▒▒..▒▒.▒
▒▒▒▒.▒▒▒▒'▒▒......▒


You could see an ogre and a white imp.

Vanquished Creatures
  An adder (D:2)
  A dart slug (D:1)
  An orc (D:3)
  2 bats (D:2)
  5 endoplasms (D:1)
  A giant cockroach (D:3)
  A goblin (D:1)
  A hobgoblin (D:3)
  3 quokkas
  A ball python (D:1)
  3 frilled lizards
  A kobold (D:2)
  A rat (D:1)
22 creatures vanquished.

Notes
Turn   | Place    | Note
-------+----------+-------------------------------------------
     0 | D:1      | RepoMan the Naga Earth Elementalist began the quest for the
                  | Orb.
     0 | D:1      | Reached XP level 1. HP: 15/15 MP: 3/3
   173 | D:1      | Reached XP level 2. HP: 22/22 MP: 1/5
   285 | D:1      | Found a faded altar of an unknown god.
   713 | D:2      | Reached XP level 3. HP: 26/28 MP: 2/6
  1521 | D:3      | Found Nucouc's Jewellery Boutique.
  1634 | D:3      | Noticed an ogre
  1639 | D:3      | Killed from afar by a white imp

Illustrated notes

Levels and vault maps discovered:
D:1:      minmay_arrival_four_houses, layout_rooms, serial_corexii_hall,
          chequers_hall_statues_y, corexii_hall_statues_x,
          ebering_ecumenical_altar_webs, minmay_tall_x
D:2:      layout_basic
D:3:      layout_rooms, serial_shops, shop, shop_statue, grunt_decor_arrowhead

Action                   || total
-------------------------++-------
Melee: Spear             ||     1
       Unarmed           ||     1
 Cast: Sandblast         ||    12
 Abil: Spit Poison       ||    22
  Use: Scroll            ||     2
Armor: Robe              ||     1
Dodge: Dodged            ||     4
